 Dungeon Crawl Stone Soup version 0.27.0-1-g7a089689b8 (webtiles) character file.

Game seed: 17079084209691338013

182 Spaninq the Twirler (level 5, -7/41 HPs)
             Began as a Mummy Gladiator on Aug 8, 2021.
             Mangled by a wyvern (9 damage)
             ... on level 5 of the Dungeon.
             The game lasted 00:06:31 (4293 turns).

Spaninq the Twirler (Mummy Gladiator)               Turns: 4293, Time: 00:06:32

Health: -7/41      AC: 13    Str: 19    XL:     5   Next: 35%
Magic:  0/5        EV:  8    Int:  7    God:
Gold:   183        SH:  0    Dex: 13    Spells: 4/4 levels left

rFire    x . .     SeeInvis .   a - +0 quarterstaff
rCold    + . .     Faith    .   (shield currently unavailable)
rNeg     + + +     Spirit   +   i - +0 chain mail
rPois    ∞         Reflect  .   c - +0 helmet
rElec    .         Harm     .   f - scarf {shadows}
rCorr    .         Rampage  .   (no gloves)
Will     .....                  (no boots)
Stlth    ..........             k - amulet of guardian spirit
HPRegen  0.13/turn              e - +4 ring of protection
MPRegen  0.09/turn              (no ring)

@: no status effects
A: cold resistance 1, negative energy resistance 3, torment resistance 2, heat
vulnerability 1, no potions
a: no special abilities


You were on level 5 of the Dungeon.
You visited 1 branch of the dungeon, and saw 5 of its levels.

You collected 183 gold pieces.

Inventory:

Hand Weapons
 a - a +0 quarterstaff (weapon)
Missiles
 d - 3 throwing nets (quivered)
Armour
 c - a +0 helmet (worn)
 f - a scarf of shadows (worn)
 i - a +0 chain mail (worn)
Jewellery
 e - a +4 ring of protection (left hand)
 g - a ring of ice
 k - an amulet of guardian spirit (around neck)
Scrolls
 h - a scroll of fog
 j - a scroll of identify


   Skills:
 + Level 3.4 Fighting
 * Level 4.2 Staves
 - Level 1.5 Throwing
 + Level 0.9 Armour
 - Level 2.4 Dodging


You had 4 spell levels left.
You didn't know any spells.
Your spell library was empty.

Dungeon Overview and Level Annotations

Branches:
Dungeon (5/15)
 Temple: D:4-7

Altars:

Shops:
D:3 (

Annotations:
D:3 2 runed translucent doors, boopsy's ghost, weakling KoDe


Innate Abilities, Weirdness & Mutations

You are immune to poison.
Your flesh is cold resistant. (rC+)
You are immune to negative energy. (rN+++)
You are immune to unholy pain and torment.
You are vulnerable to heat. (rF-)
You do not drink.


Message History

You closely miss the wyvern.
The wyvern is moderately wounded.
The wyvern bites you!
* * * LOW HITPOINT WARNING * * *
The wyvern bites you but does no damage.
The wyvern bites you!
* * * LOW HITPOINT WARNING * * *
Okay, then.
You hit the wyvern.
The wyvern is moderately wounded.
The wyvern closely misses you.
The wyvern bites you but does no damage.
You hit the wyvern.
The wyvern is moderately wounded.
The wyvern closely misses you.
You hit the wyvern but do no damage.
The wyvern is moderately wounded.
The wyvern misses you.
The wyvern bites you but does no damage.
You thump the wyvern!
The wyvern is severely wounded.
The wyvern barely misses you.
The wyvern bites you but does no damage.
You hit the wyvern but do no damage.
The wyvern is severely wounded.
The wyvern closely misses you.
You hit the wyvern but do no damage.
The wyvern is severely wounded.
The wyvern bites you.
* * * LOW HITPOINT WARNING * * *
The wyvern bites you but does no damage.
You sock the wyvern!
The wyvern is almost dead.
The wyvern barely misses you.
You completely miss the wyvern.
The wyvern is almost dead.
The wyvern bites you.
* * * LOW HITPOINT WARNING * * *
The wyvern bites you!
You die...

#.<.#.# #..# .###...#
#..# #.......## #..#
......#...######..#
#.................#####.
.....>.......##.........
.###...##.##............
##.. #..#####........
.... ...[...@l.##.## ###
.##.#####.#(..# . ..
#...#..# ..### .# #..#
.# ##.# . ...


You could see a wyvern.

Vanquished Creatures
  An orc priest (D:3)
  An orc wizard (D:4)
  2 adders (D:3)
  A gnoll (D:1)
  An ufetubus (D:2)
  2 worms (D:3)
  3 dart slugs
  5 orcs
  6 ball pythons
  4 endoplasms
  4 giant cockroaches
  6 goblins
  5 hobgoblins
  11 jackals
  4 quokkas
  6 bats
  2 frilled lizards
  5 kobolds
  4 rats
73 creatures vanquished.

Vanquished Creatures (collateral kills)
  A quokka (D:2)
1 creature vanquished.

Vanquished Creatures (others)
  An ogre (D:5)
1 creature vanquished.

Grand Total: 75 creatures vanquished

Notes
Turn   | Place    | Note
-------+----------+-------------------------------------------
     0 | D:1      | Spaninq the Mummy Gladiator began the quest for the Orb.
     0 | D:1      | Reached XP level 1. HP: 16/16 MP: 1/1
    26 | D:1      | Reached XP level 2. HP: 22/22 MP: 2/2
   188 | D:1      | Reached skill level 3 in Staves
   387 | D:1      | Reached XP level 3. HP: 28/28 MP: 3/3
  1807 | D:2      | Reached XP level 4. HP: 34/34 MP: 4/4
  1921 | D:2      | Found a faded altar of an unknown god.
  2348 | D:3      | Found a runed translucent door.
  2349 | D:3      | Noticed boopsy's ghost (weakling KoDe)
  2349 | D:3      | Noticed a bullfrog
  2379 | D:3      | Found Afre's Antique Weapon Boutique.
  2765 | D:3      | Found a runed translucent door.
  3150 | D:3      | Reached skill level 4 in Staves
  3388 | D:3      | Reached XP level 5. HP: 15/41 MP: 5/5
  4263 | D:5      | Entered Level 5 of the Dungeon
  4270 | D:5      | Killed an ogre
  4279 | D:5      | Noticed a wyvern
  4291 | D:5      | HP: 2/41 [wyvern (2)]
  4293 | D:5      | Mangled by a wyvern

Illustrated notes

Levels and vault maps discovered:
D:1:      minmay_arrival_shattered_statue, layout_loops_corners
D:2:      layout_basic, hellmonk_ecumenical_altar_blasted
D:3:      layout_rooms, ebering_ghost_sewer_f, serial_shops,
          nicolae_shop_behind_doors
D:4:      layout_basic
D:5:      layout_rooms, mainiacjoe_overflow_alcove_3, kennysheep_orc_sif_temple,
          minmay_temple_entry_nine_rooms, gammafunk_ghost_icy,
          lemuel_flame_loot_1

Skill      XL: |  1  2  3  4 |
---------------+-------------+-----
Staves         | 3 4 |  4.2
Fighting       | 3 |  3.4
Throwing       | |  1.5
Armour         | |  0.9
Dodging        | |  2.4

Action                   |  1- 3 |  4- 6 || total
-------------------------+-------+-------++-------
Melee: Quarterstaff      |   106 |   142 ||   248
  Use: Scroll            |     4 |     1 ||     5
Armor: Leather armour    |    51 |    22 ||    73
       Chain mail        |       |    59 ||    59
Dodge: Dodged            |    75 |    68 ||   143
